 Dungeon Crawl Stone Soup version 0.29.1-13-g9f3cf754e1 (webtiles) character file.

Game seed: 9700736405532119190

3367 wolfrpgdude the Fighter (level 9, -10/83 HPs)
             Began as a Minotaur Fighter on Feb 11, 2023.
             Was an Initiate of Okawaru.
             Mangled by a two-headed ogre
             ... wielding a +0 giant club
              (15 damage)
             ... on level 9 of the Dungeon.
             The game lasted 00:11:16 (7436 turns).

wolfrpgdude the Fighter (Minotaur Fighter)          Turns: 7436, Time: 00:11:16

Health: -10/83     AC: 11    Str: 24    XL:     9   Next: 73%
Magic:  8/8        EV: 15    Int:  5    God:    Okawaru [......]
Gold:   428        SH:  6    Dex: 11    Spells: 8/8 levels left

rFire   . . .      SeeInvis .   f - +1 whip (elec)
rCold   . . .      Faith    .   c - +0 buckler
rNeg    . . .      Spirit   .   y - +0 steam dragon scales
rPois   .          Reflect  .   (helmet restricted)
rElec   .          Harm     .   w - +0 cloak
rCorr   .          Rampage  .   (no gloves)
Will    .....                   h - +2 pair of boots
Stlth   +.........              (no amulet)
HPRegen 0.23/turn               m - +4 ring of evasion
MPRegen 0.11/turn               t - +4 ring of slaying

@: no status effects
A: horns 2, retaliatory headbutt
a: Renounce Religion


You were on level 9 of the Dungeon.
You worshipped Okawaru.
Okawaru was noncommittal.
You visited 2 branches of the dungeon, and saw 10 of its levels.

You collected 428 gold pieces.

Inventory:

Hand Weapons
 a - a +0 long sword
 f - a +1 whip of electrocution (weapon)
Missiles
 k - 13 poisoned darts (quivered)
 x - a curare-tipped dart
Armour
 b - a +0 scale mail
 c - a +0 buckler (worn)
 h - a +2 pair of boots (worn)
 w - a +0 cloak (worn)
 y - +0 steam dragon scales (worn)
Jewellery
 m - a +4 ring of evasion (left hand)
 t - a +4 ring of slaying (right hand)
 D - an amulet of magic regeneration
Wands
 A - a wand of paralysis (5)
Scrolls
 g - 7 scrolls of magic mapping
 n - a scroll of torment {unknown}
 p - 2 scrolls of vulnerability {unknown}
 q - a scroll of teleportation
 s - 4 scrolls of identify
 B - a scroll of amnesia {unknown}
 E - a scroll of enchant weapon {unknown}
Potions
 d - 3 potions of might
 e - a potion of ambrosia
 i - a potion of haste {unknown}
 j - 2 potions of degeneration {unknown}
 l - a potion of resistance {unknown}
 o - 4 potions of heal wounds {unknown}
 r - a potion of cancellation {unknown}
 u - 2 potions of attraction {unknown}
 v - a potion of curing {unknown}
 z - 2 potions of mutation {unknown}
 C - 2 potions of magic {unknown}


   Skills:
 + Level 9.1 Fighting
 + Level 8.7 Long Blades
 + Level 9.1 Armour
 + Level 9.1 Shields


You had 8 spell levels left.
You didn't know any spells.
Your spell library contained the following spells:

 Spells                   Type           Power      Damage    Failure   Level
 Magic Dart               Conj           0%         1d3       54%         1
 Blink                    Tloc           0%         N/A       69%         2
 Searing Ray              Conj           0%         2d4       69%         2
 Gell's Gravitas          Tloc           0%         N/A       89%         3
 Lesser Beckoning         Tloc           0%         N/A       89%         3
 Teleport Other           Tloc           0%         N/A       89%         3
 Fulminant Prism          Conj/Hex       0%         3d6       100%        4
 Manifold Assault         Tloc           0%         N/A       100%        5
 Storm Form               Tmut/Air       0%         N/A       100%        7


Dungeon Overview and Level Annotations

Branches:
Dungeon (9/15)             Temple (1/1) D:6
   Lair: D:8-11         Orc: D:9-12

Altars:
Ashenzari
Cheibriados
Dithmenos
Elyvilon
Fedhas
Gozag
Hepliaklqana
Kikubaaqudgha
Makhleb
Nemelex Xobeh
Okawaru
Qazlal
Ru
Sif Muna
Trog
Uskayaw
Vehumet
Wu Jian
Xom
Yredelemnul
Zin
The Shining One

Shops:
D:2 =   D:4 [


Innate Abilities, Weirdness & Mutations

You have a pair of horns on your head.
You reflexively headbutt those who attack you in melee.


Message History

The centaur misses you. The centaur closely misses you.
You whack the centaur!
The centaur is severely wounded.
The centaur hits you.
The centaur kicks you but does no damage.
You barely miss the two-headed ogre.
Your headbutt misses the two-headed ogre.
The centaur closely misses you.
The centaur kicks you but does no damage.
You hit the centaur. Your headbutt misses the centaur.
The centaur is almost dead.
The centaur misses you. The centaur closely misses you.
The two-headed ogre barely misses you. You furiously retaliate!
You headbutt the two-headed ogre! The two-headed ogre barely misses you.
You barely miss the centaur.
The centaur is almost dead.
You block the centaur's attack.
The centaur kicks you but does no damage.
The centaur barely misses you. The centaur closely misses you.
The two-headed ogre closely misses you.
The two-headed ogre hits you with a +0 giant club!
You whack the centaur!
You kill the centaur!
Okawaru accepts your kill.
The two-headed ogre hits you with a +0 giant club!! x2
* * * LOW HITPOINT WARNING * * *
You barely miss the two-headed ogre. You headbutt the two-headed ogre!
The two-headed ogre is moderately wounded.
You whack the two-headed ogre! You headbutt the two-headed ogre!
The two-headed ogre is heavily wounded.
The two-headed ogre misses you. You furiously retaliate!
You headbutt the two-headed ogre!
The two-headed ogre hits you with a +0 giant club!
* * * LOW HITPOINT WARNING * * *
You hit the two-headed ogre.
The two-headed ogre is almost dead.
The two-headed ogre hits you with a +0 giant club!
* * * LOW HITPOINT WARNING * * *
The two-headed ogre hits you with a +0 giant club!
You die...

#################
#...............#
##...............#
.................#
#................#
#.............../#
#................#
#................#######
#...............@O......
.................)......
##......................
# .....~.~~.≈.~...(....
. ...~.~..≈.~.≈.......
## ..~~~~..~...####.##
.~~.~~~.≈~.# .#
..~~..~.~~# #


You could see a two-headed ogre.

Vanquished Creatures
  A troll (D:5)
  4 wyverns
  2 steam dragons (D:7)
  Edmund (D:6)
  An acid dragon (D:7)
  2 water moccasins (D:7)
  2 ice beasts
  2 sky beasts (D:7)
  2 centaurs
  A phantom (D:5)
  A kobold brigand (D:6)
  3 bullfrogs
  A necrophage (D:6)
  A scorpion (D:4)
  3 wights (D:7)
  3 killer bees (D:8)
  4 hounds
  4 orc priests
  Jessica (D:3)
  3 iguanas
  Terence (D:2)
  An orc wizard (D:7)
  2 gnolls
  13 adders
  A shadow imp (D:6)
  2 white imps (D:7)
  A worm (D:2)
  5 dart slugs
  14 orcs
  7 endoplasms
  3 giant cockroaches
  5 goblins
  3 hobgoblins
  4 jackals (D:1)
  10 kobolds
  6 quokkas
  9 ball pythons
  7 bats
  6 frilled lizards
  4 rats
146 creatures vanquished.

Notes
Turn   | Place    | Note
-------+----------+-------------------------------------------
     0 | D:1      | wolfrpgdude the Minotaur Fighter began the quest for the
                  | Orb.
     0 | D:1      | Reached XP level 1. HP: 19/19 MP: 0/0
   206 | D:1      | Reached XP level 2. HP: 19/27 MP: 1/1
   444 | D:1      | Reached XP level 3. HP: 14/33 MP: 2/2
  1063 | D:2      | Found a faded altar of an unknown god.
  1090 | D:2      | Reached XP level 4. HP: 37/40 MP: 3/3
  1420 | D:2      | Found a snail-covered altar of Cheibriados.
  1477 | D:2      | Noticed Terence
  1488 | D:2      | Killed Terence
  1826 | D:2      | Reached XP level 5. HP: 44/44 MP: 4/4
  1841 | D:2      | Found Etaipred's Jewellery Shop.
  1997 | D:3      | Noticed Jessica
  2003 | D:3      | Killed Jessica
  2819 | D:4      | Reached skill level 5 in Fighting
  2819 | D:4      | Reached skill level 5 in Armour
  2905 | D:4      | Found a stormy altar of Qazlal.
  2942 | D:4      | Reached skill level 5 in Shields
  2985 | D:4      | Found Mesehoum's Antique Armour Shoppe.
  3067 | D:4      | Found an ornate altar of the Wu Jian Council.
  3075 | D:4      | Reached XP level 6. HP: 45/56 MP: 5/5
  3360 | D:5      | Entered Level 5 of the Dungeon
  3479 | D:5      | Found a sparkling altar of Nemelex Xobeh.
  3661 | D:5      | Noticed a wyvern
  3668 | D:5      | Killed a wyvern
  3669 | D:5      | Reached skill level 5 in Long Blades
  3669 | D:5      | Reached XP level 7. HP: 62/62 MP: 6/6
  3680 | D:5      | Noticed a troll
  3700 | D:5      | Killed a troll
  3794 | D:5      | Found an opulent altar of Gozag.
  3900 | D:5      | Found a stormy altar of Qazlal.
  3901 | D:5      | Noticed a wyvern
  3907 | D:5      | Killed a wyvern
  3908 | D:5      | Reached XP level 8. HP: 71/71 MP: 7/7
  4698 | D:6      | Found a staircase to the Ecumenical Temple.
  4707 | Temple   | Entered the Ecumenical Temple
  5022 | D:6      | Noticed Edmund
  5028 | D:6      | Killed Edmund
  5573 | D:7      | Reached XP level 9. HP: 75/81 MP: 8/8
  6589 | D:8      | Found a shimmering blue altar of Sif Muna.
  6589 | D:8      | Found an iron altar of Okawaru.
  6591 | D:8      | Found a snail-covered altar of Cheibriados.
  6591 | D:8      | Found a hazy altar of Hepliaklqana.
  6591 | D:8      | Found a shimmering altar of Xom.
  6591 | D:8      | Found a bloodstained altar of Trog.
  6592 | D:8      | Found a hide-covered altar of Uskayaw.
  6592 | D:8      | Found an opulent altar of Gozag.
  6804 | D:8      | Became a worshipper of Warmaster Okawaru
  7102 | D:8      | Found a sand-covered staircase.
  7204 | D:8      | Found a sacrificial altar of Ru.
  7425 | D:9      | Noticed a two-headed ogre
  7436 | D:9      | Mangled by a two-headed ogre

Illustrated notes

Levels and vault maps discovered:
D:1:      mrwooster_arrival_statue_3, layout_basic, interstate_on_off
D:2:      layout_basic, serial_shops, shop, basic_altar,
          nicolae_ecumenical_snake_handling, st_stairs_1, uniq_terence
D:3:      layout_loops_ring, uniq_jessica
D:4:      layout_basic, lemuel_round_altar, lemuel_crystal_altar, serial_shops,
          shop, nicolae_elevator_lobby_asterisk
D:5:      layout_basic, mainiacjoe_overflow_alcove_4, serial_bayou_pond_d,
          minmay_misc_feat_room, nicolae_concentric_dashed_squares_mild,
          hangedman_feature_mirror
D:6:      layout_basic, minmay_temple_entry_enclosed_plants, uniq_edmund
D:7:      hellmonk_crumbling_castle, layout_gridville
D:8:      layout_rooms, grunt_temple_overflow_open, nicolae_ru_awakened_eye,
          nicolae_ossuary_entry_false_entrances
D:9:      layout_basic, chequers_serial_rivers_marsh
Temple:   zaba_magenta_temple

Skill      XL: |  1  2  3  4  5  6  7  8  9 |
---------------+----------------------------+-----
Shields        | 4 5 6 8 9 |  9.1
Fighting       | 4 5 6 7 9 |  9.1
Long Blades    | 3 4 5 6 7 8 |  8.7
Armour         | 4 5 6 7 9 |  9.1

Action                   |  1- 3 |  4- 6 |  7- 9 || total
-------------------------+-------+-------+-------++-------
Melee: Long sword        |    93 |    31 |       ||   124
       Headbutt          |    15 |    26 |    28 ||    69
       Mace              |       |    14 |       ||    14
       Whip              |       |    90 |   165 ||   255
  Use: Scroll            |     5 |     1 |       ||     6
Armor: Scale mail        |    61 |    81 |    34 ||   176
       Steam dragon scal |       |       |    38 ||    38
Dodge: Dodged            |    49 |    75 |   108 ||   232
Block: Buckler           |    27 |    35 |    48 ||   110
